Unix NetHack Version 3.7.0-53 Work-in-progress - last build Apr 18 2022 03:42:42 (02b85442fffe0e2954e411e09df771b56fe27bbc,branch:master). Game began 2022-05-06 13:13:18, ended 2022-05-08 00:13:24. ClaireVoyance, lawful female dwarven Valkyrie ------ |*%..| |(...| ------- |....| |......##### |....| |.....| ### |@.>..@ |...... #) ###.%...| |.....| #) --.--- |.....| #[# |..<..| ## ------- ClaireVoyance the Fighter St:17 Dx:12 Co:18 In:8 Wi:14 Ch:10 Lawful Dlvl:9 $:2054 HP:0(91) Pw:16(16) AC:-7 Xp:8/1687 T:8151 Burdened Latest messages: You hit the Grey-elf! The Grey-elf swings her elven broadsword. The Grey-elf hits! The Grey-elf wields an elven dagger! You kill the Grey-elf! The Grey-elf shoots 2 elven arrows! The 1st elven arrow hits the Grey-elf! The 2nd elven arrow hits the Grey-elf! Are you waiting to get hit? Use 'm' prefix to force a no-op (to rest). You kill the Grey-elf! The Grey-elf wields an elven short sword! You hit the Grey-elf! You kill the Grey-elf! There are many objects here. There are many objects here. You see here an elven arrow. You hear the splashing of a naiad. You hear some noises in the distance. The homunculus zaps itself with a balsa wand! The homunculus is suddenly moving faster. You hit the guardian naga hatchling! You kill the guardian naga hatchling! G - a swirly potion. There is a doorway here. You see here a guardian naga hatchling corpse. You hit the homunculus! The homunculus misses! You kill the homunculus! There is a guardian naga hatchling corpse here; eat it? [ynq] (n) This guardian naga hatchling corpse tastes okay. You hear some noises in the distance. You finish eating the guardian naga hatchling corpse. You have a little trouble lifting a wand of speed monster. Continue? [ynq] (q) The cave spider bites! You kill the cave spider! You have a little trouble lifting a scroll labeled ABRA KA DABRA. Continue? [ynq] (q) You see here a scroll labeled ABRA KA DABRA. It misses! You have a little trouble lifting a scroll labeled ABRA KA DABRA. Continue? [ynq] (q) You see here a scroll labeled ABRA KA DABRA. A cave spider was hidden under a wand called 150! The cave spider bites! You kill the cave spider! You have a little trouble lifting a wand called 150. Continue? [ynq] (q) You have a little trouble lifting L - a wand called 150. Your movements are slowed slightly because of your load. You have a little trouble lifting P - a scroll labeled ABRA KA DABRA. There is nothing here to pick up. The soldier zaps a hexagonal wand! The death ray hits you! Major events: Turn 1: ClaireVoyance the lawful dwarven Valkyrie entered the dungeon 613: attained the rank of Skirmisher (level 3) 3259: entered the Gnomish Mines 4131: reached Mine Town 4194: attained the rank of Fighter (level 6) 6224: signified by divine providence, was chosen to carry Excalibur 8151: killed by a death ray Inventory: Coins ('$') $ - 2054 gold pieces Weapons (')') g - an uncursed +2 orcish dagger y - an uncursed +0 orcish dagger a - the blessed rustproof +1 Excalibur (weapon in hand) Armor ('[') f - an uncursed +0 orcish helm (being worn) n - an uncursed +2 pair of iron shoes (being worn) c - an uncursed +3 small shield (being worn) Q - a blessed +1 dwarvish cloak (being worn) E - an uncursed +0 elven mithril-coat (being worn) Comestibles ('%') M - an uncursed sprig of wolfsbane N - an uncursed tin of stir fried shrieker h - an uncursed egg o - a cursed egg i - an uncursed lichen corpse D - an uncursed lizard corpse Scrolls ('?') A - 2 uncursed scrolls of blank paper r - a blessed scroll of destroy armor X - an uncursed scroll of earth k - a blessed scroll of enchant armor T - an uncursed scroll of enchant armor P - an uncursed scroll of fire B - an uncursed scroll of gold detection d - an uncursed scroll of identify e - a blessed scroll of punishment j - 2 uncursed scrolls of remove curse Spellbooks ('+') S - a cursed spellbook of haste self Potions ('!') v - a blessed potion of booze b - an uncursed potion of booze x - an uncursed potion of healing Y - a cursed potion of monster detection z - an uncursed potion of paralysis K - an uncursed potion of restore ability G - an uncursed potion of see invisible U - an uncursed potion of see invisible m - an uncursed potion of sickness W - an uncursed potion of sleeping Z - an uncursed potion of sleeping u - 2 uncursed potions of water Wands ('/') l - an uncursed wand of cancellation (0:6) O - an uncursed wand of magic missile (0:5) s - an uncursed wand of nothing (0:14) L - a blessed wand of slow monster (0:6) q - an uncursed wand of slow monster (0:4) Tools ('(') w - an uncursed magic flute (0:4) R - a cursed blindfold I - an uncursed magic marker (0:70) C - an uncursed oil lamp p - an uncursed +0 pick-axe Gems/Stones ('*') H - an uncursed jacinth stone V - an uncursed worthless piece of black glass F - an uncursed worthless piece of blue glass t - 2 uncursed worthless pieces of orange glass J - 3 uncursed worthless pieces of yellowish brown glass ClaireVoyance the Valkyrie's attributes: Background: You were a Fighter, a level 8 dwarven Valkyrie. You were lawful, on a mission for Tyr who was opposed by Odin (neutral) and Loki (chaotic). You were in the Dungeons of Doom, on level 9. You entered the dungeon 8151 turns ago. It was the midnight hour. You had 1687 experience points, 873 more were needed to attain level 9. Basics: You had 0 out of 91 hit points. You had all 16 energy points (spell power). Your armor class was -7. Your wallet contained 2054 zorkmids. Autopickup was on for '$?!"=/*', with exceptions. Final Characteristics: Your strength was 17 (limit:18/100). Your dexterity was 12 (limit:20). Your constitution was 18 (limit:20). Your intelligence was 8 (limit:16). Your wisdom was 14 (limit:16). Your charisma was 10 (limit:16). Final Status: You were not hungry. You were burdened; movement was slightly slowed. You were wielding a long sword. You had expert skill with long sword. Final Attributes: You were piously aligned. You were cold resistant. You were level-drain resistant. You had automatic searching. You had infravision. You were stealthy. You had a small defense bonus (+2). You were guarded. You were fast. You are dead. Miscellaneous: You disabled loading of bones levels. Total elapsed playing time was 1 hour, 6 minutes and 59 seconds. Vanquished creatures: a giant mimic a large mimic a warg an elf mummy 3 Grey-elves a spotted jelly 2 iron piercers an owlbear a gold golem 2 lizards a dingo a blue jelly a raven a gnome mummy 5 water moccasins 4 human zombies a quasit a wood nymph 3 Uruk-hai an orc shaman a rock piercer a rock mole 4 fog clouds a yellow light 3 shriekers a violet fungus 3 gnome leaders a gnomish wizard 2 kobold mummies a guardian naga hatchling 2 ghouls 2 straw golems 7 giant ants a little dog 3 floating eyes a kitten 2 dwarves 2 homunculi 2 kobold shamans 2 hill orcs 3 rothes a rabid rat 3 iguanas an acid blob 6 coyotes 4 hobbits 5 manes 2 large kobolds a hobgoblin 3 giant rats 14 cave spiders a brown mold 5 yellow molds a red mold 9 gnomes 5 garter snakes 2 gnome zombies 3 geckos 12 jackals a fox 3 kobolds 3 goblins 12 grid bugs 2 bats 6 lichens a kobold zombie 9 newts 193 creatures vanquished. No species were genocided or became extinct. Voluntary challenges: You read items or engraved 1 time. You never engraved Elbereth. You never genocided any monsters. You never polymorphed an object. You never changed form. You used no wishes. Achievements: You attained the rank of Skirmisher. You entered a shop. You entered the Gnomish Mines. You entered Minetown. You attained the rank of Fighter. You entered a temple. The Dungeons of Doom: levels 1 to 9 Level 1: A fountain, a grave. Level 2: "vault" A general store, a grave. Level 3: A bookstore. Level 4: Stairs down to The Gnomish Mines. Level 5: "vault" Level 6: A grave. Level 7: Level 8: Level 9: <- You were here. Final resting place for you, killed by a death ray. The Gnomish Mines: levels 5 to 8 Level 5: Level 6: Level 7: Many shops, a temple to Tyr, some fountains. Level 8: Game over: ---------- / \ / REST \ / IN \ / PEACE \ / \ | ClaireVoyance | | 2054 Au | | killed by a | | death ray | | | | | | 2022 | *| * * * | * _________)/\\_//(\/(/\)/\//\/|_)_______ Farvel ClaireVoyance the Valkyrie... You died in The Dungeons of Doom on dungeon level 9 with 8997 points, and 2054 pieces of gold, after 8151 moves. You were level 8 with a maximum of 91 hit points when you died.